 Dungeon Crawl Stone Soup version 0.19.1-1-g22dce08 (webtiles) character file.

67 theAP the Skirmisher (level 4, 0/40 HPs)
             Began as a Hill Orc Fighter on Jan 14, 2017.
             Was an Initiate of Beogh.
             Slain by an orc
             ... wielding a +0 mace
              (5 damage)
             ... on level 3 of the Dungeon.
             The game lasted 00:02:27 (1297 turns).

theAP the Skirmisher (Hill Orc Fighter)             Turns: 1297, Time: 00:02:27

Health: 0/40       AC:  6    Str: 19    XL:     4   Next: 16%
Magic:  4/4        EV:  7    Int:  8    God:    Beogh [......]
Gold:   52         SH:  9    Dex: 10    Spells: 0 memorised, 3 levels left

rFire  . . .     SeeInvis .     a - +0 long sword
rCold  . . .     Gourm    .     b - +0 scale mail
rNeg   . . .     Faith    .     c - +0 shield
rPois  .         Spirit   .     (no helmet)
rElec  .         Reflect  .     (no cloak)
rCorr  .         Harm     .     (no gloves)
MR     +....                    (no boots)
Stlth  ..........               (no amulet)
                                (no ring)
                                j - ring of protection from magic

@: lethally poisoned (0 -> -2)
A: no striking features
a: Renounce Religion


You were on level 3 of the Dungeon.
You worshipped Beogh.
Beogh was noncommittal.
You were not hungry.

You visited 1 branch of the dungeon, and saw 3 of its levels.

You collected 52 gold pieces.

Inventory:

Hand Weapons
 a - a +0 long sword (weapon)
Armour
 b - a +0 scale mail (worn)
 c - a +0 shield (worn)
Jewellery
 j - a ring of protection from magic (left hand)
Scrolls
 l - a scroll of amnesia {unknown}
 m - 4 scrolls of remove curse
 n - a scroll of identify
Potions
 d - 2 potions of might
 e - a potion of degeneration {unknown}
 h - a potion of agility {unknown}
Comestibles
 f - 3 bread rations
 i - a beef jerky
 k - a slice of pizza
 o - a meat ration


   Skills:
 + Level 4.1 Fighting
 * Level 3.7 Long Blades
 - Level 3.2 Armour
 + Level 1.4 Dodging
 - Level 3.2 Shields


You had 3 spell levels left.
You didn't know any spells.

Dungeon Overview and Level Annotations

Branches:
Dungeon (3/15)

Altars:


Message History

You feel better. The orc misses you.
You hear some strange, mumbled words.
Something tries to affect you, but you resist.
You block the adder's attack. The orc hits you.
* * * LOW HITPOINT WARNING * * *
The adder bites you.
* * * LOW HITPOINT WARNING * * *
You are poisoned.
The adder poisons you!
You slash the adder!
You kill the adder!
Beogh accepts your kill.
You have reached level 4!
You feel sick.
You slash the orc!
You kill the orc!
Beogh accepts your kill.
You closely miss the orc.
You feel sick. The orc hits you with a mace.
You die...
Beogh appreciates the orc's killing of a heretic priest.

... #..... .... #.....
....#####+#+### .....
..[†..........# #.#.#
#...........####.#.#
#....o..o...........
#.o..<..####....
#######.......†......#
#....@o{..............
.....####.......#######.
... ######### ###. .
.... ..... ...... #####.
#. #.


You could see an orc priest, an orc and a neutral orc priest (wandering).

Vanquished Creatures
  2 adders
  2 worms (D:3)
  6 dart slugs
  A leopard gecko (D:2)
  An orc (D:3)
  4 bats
  2 giant cockroaches
  3 goblins
  A hobgoblin (D:1)
  4 kobolds (D:1)
  A quokka (D:3)
  2 frilled lizards
  3 rats
32 creatures vanquished.

Vanquished Creatures (others)
  A worm (D:3)
  A ball python (D:3)
2 creatures vanquished.

Grand Total: 34 creatures vanquished

Notes
Turn   | Place    | Note
-------+----------+-------------------------------------------
     0 | D:1      | theAP the Hill Orc Fighter began the quest for the Orb.
     0 | D:1      | Reached XP level 1. HP: 19/19 MP: 1/1
   235 | D:1      | Reached XP level 2. HP: 27/27 MP: 2/2
   801 | D:2      | Reached XP level 3. HP: 33/33 MP: 3/3
   874 | D:2      | Reached skill level 1 in Dodging
  1273 | D:3      | Became a worshipper of Beogh the Brigand
  1288 | D:3      | Reached skill level 4 in Fighting
  1295 | D:3      | Reached XP level 4. HP: 6/40 MP: 4/4
  1297 | D:3      | Slain by an orc

Skill      XL: |  1  2  3 |
---------------+----------+-----
Long Blades    | 3 |  3.7
Dodging        | 1 |  1.4
Fighting       | 4 |  4.1
Armour         | |  3.2
Shields        | |  3.2

Action                   |  1- 3 |  4- 6 || total
-------------------------+-------+-------++-------
Melee: Long sword        |    98 |     2 ||   100
Invok: Convert to Beogh  |     1 |       ||     1
  Use: Scroll            |     4 |       ||     4
       Potion            |     1 |       ||     1
  Eat: Chunk             |     1 |       ||     1
Armor: Scale mail        |    47 |       ||    47
Dodge: Dodged            |    30 |       ||    30
Block: Shield            |    63 |       ||    63
       Rpst.: Long sword |     8 |       ||     8
